 Dungeon Crawl Stone Soup version 0.24.0-13-gcf9b3192b9 (webtiles) character file.

Game seed: 16708581103558732431, levelgen mode: deterministic

2492 Midas the Shield-Bearer (level 9, -2/53 HPs)
             Began as a Kobold Wizard on Nov 10, 2019.
             Was a Follower of Kikubaaqudgha.
             Slain by a slime creature (7 damage)
             ... on level 7 of the Dungeon.
             The game lasted 00:30:39 (12960 turns).

Midas the Shield-Bearer (Kobold Wizard)            Turns: 12960, Time: 00:30:40

Health: -2/53      AC:  8    Str:  4    XL:     9   Next: 81%
Magic:  16/16      EV: 17    Int: 29    God:    Kikubaaqudgha [*.....]
Gold:   470        SH:  6    Dex: 13    Spells: 0/18 levels left

rFire    . . .     SeeInvis .   B - +4 spear (freeze)
rCold    . . .     Gourm    .   A - +0 buckler
rNeg     . . .     Faith    .   a - +0 robe
rPois    +         Spirit   .   b - +0 hat
rElec    .         Reflect  .   c - +1 cloak
rCorr    .         Harm     .   K - +2 pair of gloves
MR       .....                  f - +0 pair of boots "Ovomo" {Int+6 Slay+3} (curse)
Stlth    ++........             (no amulet)
HPRegen  0.17/turn              q - ring of poison resistance
MPRegen  0.15/turn              (no ring)

@: no status effects
A: small, carnivore
a: Receive Corpses, Renounce Religion


You were on level 7 of the Dungeon.
You worshipped Kikubaaqudgha.
Kikubaaqudgha was aware of your devotion.
You were not hungry.

You visited 2 branches of the dungeon, and saw 9 of its levels.

You collected 470 gold pieces.

Inventory:

Hand Weapons
 e - a +0 dagger
 B - a +4 spear of freezing (weapon)
Missiles
 w - 5 poisoned darts (quivered)
 E - a throwing net
Armour
 a - a +0 robe (worn)
 b - a +0 hat (worn)
 c - a +1 cloak (worn)
 f - the cursed +0 pair of boots "Ovomo" (worn) {Int+6 Slay+3}
   (You found it on level 4 of the Dungeon)

   It affects your intelligence (+6).
   It affects your accuracy and damage with ranged weapons and melee attacks
   (+3).
   It has a curse placed upon it.
 A - a +0 buckler (worn)
 K - a +2 pair of gloves (worn)
Jewellery
 q - a ring of poison resistance (left hand)
 J - an uncursed ring of see invisible {unknown}
 L - an uncursed amulet of regeneration {unknown}
Wands
 m - a wand of random effects (19)
 s - a wand of clouds (6)
 u - a wand of iceblast (22)
 y - a wand of polymorph (6)
 D - a wand of enslavement (11)
Scrolls
 g - a scroll of fear {unknown}
 h - a scroll of enchant armour
 i - a scroll of fog {unknown}
 j - 3 scrolls of remove curse
 k - a scroll of immolation
 p - 4 scrolls of teleportation
 r - 2 scrolls of enchant weapon
 x - a scroll of brand weapon {unknown}
 z - 2 scrolls of random uselessness {unknown}
 C - a scroll of blinking {unknown}
 F - 3 scrolls of identify
Potions
 l - 2 potions of cancellation
 n - a potion of mutation {unknown}
 o - 2 potions of might {unknown}
 t - 3 potions of heal wounds {unknown}
 v - a potion of berserk rage {unknown}
 G - a potion of curing
 H - a potion of lignification {unknown}
 I - a potion of agility
Comestibles
 d - 15 rations


   Skills:
 + Level 4.9 Fighting
 - Level 5.0 Dodging
 - Level 3.0 Stealth
 - Level 5.6 Shields
 - Level 5.0 Spellcasting
 - Level 3.0 Conjurations
 - Level 2.0 Summonings
 + Level 0.5 Necromancy
 - Level 2.0 Translocations
 - Level 3.0 Fire Magic
 - Level 3.0 Air Magic
 - Level 5.0 Evocations


You couldn't memorise any spells.
You knew the following spells:

 Your Spells              Type           Power        Failure   Level  Hunger
a - Magic Dart            Conj           ###.         1%          1    None
b - Call Imp              Summ           ###.....     4%          2    None
c - Conjure Flame         Conj/Fire      ###.....     5%          3    #......
d - Mephitic Cloud        Conj/Pois/Air  ###.....     9%          3    #......
e - Blink                 Tloc           N/A          4%          2    None
f - Airstrike             Air            ###.......   19%         4    ###....
g - Vampiric Draining     Necr           ##........   16%         3    #......

Your spell library contained the following spells:

 Spells                   Type           Power        Failure   Level  Hunger
 Shock                    Conj/Air       ###.         1%          1    None
 Pain                     Necr           ##..         4%          1    None
 Swiftness                Chrm/Air       ###.....     4%          2    None
 Static Discharge         Conj/Air       ###.....     5%          3    #......
 Corpse Rot               Necr           N/A          8%          2    None
 Sublimation of Blood     Necr           ##........   8%          2    None
 Slow                     Hex            #.......     10%         2    None
 Lightning Bolt           Conj/Air       ###.......   45%         5    #####..


Dungeon Overview and Level Annotations

Branches:
Dungeon (8/15)             Temple (1/1) D:6
   Lair: D:8-11

Altars:
Ashenzari
Cheibriados
Dithmenos
Elyvilon
Fedhas
Gozag
Hepliaklqana
Kikubaaqudgha
Makhleb
Nemelex Xobeh
Okawaru
Qazlal
Ru
Sif Muna
Trog
Vehumet
Wu Jian
Xom
Yredelemnul
Zin
The Shining One

Shops:
D:6 [   D:7 =

Annotations:
D:4 1 runed translucent door, havocjr3's ghost, novice GnGl
D:5 1 runed translucent door, Shaidar's ghost, novice HOFi


Innate Abilities, Weirdness & Mutations

You are small and have problems with some larger weapons.
You are carnivorous and can eat meat at any time.


Message History

Your white imp dies!
You swap places.
The slime creature hits your crimson imp!!
Your crimson imp dies!
There is a stone staircase leading up here.
The slime creature hits you!
* * * LOW HITPOINT WARNING * * *
You climb upwards.
There is a stone staircase leading down here.
Unknown command.
You block the slime creature's attack. The slime creature misses you.
Casting: Call Imp (safe; 4% risk of failure)
Confirm with . or Enter, or press ? or * to list all spells.
A metallic apparition takes form in the air.
The slime creature hits you!
* * * LOW HITPOINT WARNING * * *
The slime creature hits you!
You die...
Kikubaaqudgha rasps: "You have failed me!
Welcome... death!"

### ### #.# ###.# #### #.##
#.#.#### #..#
##..####.....## ####..# ##
#....##.#####.#####.#...###
#. #####..##
##..#.....###.## ##
###########.@...###
##.#####. #.......J.....##
##..##..
#..............####..#....
##.......##......##..###...
#........####....#..## ##..
### ########5# ##.....##
##.# #.## #.# #....## #..#
##..## #.# ##.....## ##.##
#....##
##.####....#..###..#


You could see a slime creature and a friendly iron imp.

Vanquished Creatures
  Maurice (D:8)
  A hippogriff (D:7)
  A sky beast (D:5)
  2 ogres (D:6)
  A centaur (D:5)
  3 big kobolds
  A bullfrog (D:6)
  A scorpion (D:5)
  5 wights
  2 crimson imps (D:6)
  3 hounds
  A bullfrog skeleton (D:7)
  3 jellies
  2 bullfrog zombies
  A centaur skeleton (D:6)
  A gnoll shaman (D:7)
  Jessica (D:2)
  3 worker ants
  A killer bee zombie (D:7)
  12 adders
  6 gnolls
  2 worms
  A dart slug (D:3)
  5 leopard geckos
  An orc (D:7)
  9 bats
  4 giant cockroaches
  4 goblins
  11 hobgoblins
  19 jackals
  3 quokkas
  2 ball pythons (D:3)
  4 frilled lizards
  17 kobolds
  A quokka zombie (D:6)
  10 rats
145 creatures vanquished.

Vanquished Creatures (collateral kills)
  Duvessa (D:4)
  An ogre (D:5)
  3 bullfrogs
  Dowan (D:4)
  5 wights
  A centaur zombie (D:5)
  An iguana (D:7)
  3 worker ants (D:4)
  A worker ant zombie (D:5)
  A gnoll (D:7)
  An adder (D:3)
  A worm (D:2)
  A leopard gecko (D:1)
  2 jackals
  3 kobolds (D:7)
  A quokka skeleton (D:4)
  A rat (D:1)
28 creatures vanquished.

Vanquished Creatures (others)
  3 fungi (D:8)
3 creatures vanquished.

Grand Total: 176 creatures vanquished

Notes
Turn   | Place    | Note
-------+----------+-------------------------------------------
     0 | D:1      | Midas the Kobold Wizard began the quest for the Orb.
     0 | D:1      | Reached XP level 1. HP: 10/10 MP: 4/4
   335 | D:1      | Reached XP level 2. HP: 15/15 MP: 3/6
   799 | D:1      | Reached XP level 3. HP: 19/19 MP: 3/7
  1067 | D:1      | Learned a level 2 spell: Call Imp
  1071 | D:1      | Learned a level 3 spell: Conjure Flame
  1075 | D:1      | Learned a level 3 spell: Mephitic Cloud
  1685 | D:2      | Reached XP level 4. HP: 24/24 MP: 4/9
  2155 | D:2      | Noticed Jessica
  2158 | D:2      | Killed Jessica
  2158 | D:2      | Reached XP level 5. HP: 28/28 MP: 6/10
  3183 | D:3      | Reached skill level 1 in Fire Magic
  3183 | D:3      | Reached skill level 1 in Air Magic
  4080 | D:4      | Reached XP level 6. HP: 32/32 MP: 5/12
  4425 | D:4      | Noticed Dowan
  4458 | D:4      | Noticed Duvessa
  4479 | D:4      | Killed Dowan
  4755 | D:4      | Killed Duvessa
  5067 | D:4      | Found a runed translucent door.
  5072 | D:4      | Noticed havocjr3's ghost (novice GnGl)
  5074 | D:4      | Got a pair of warped boots
  5165 | D:5      | Entered Level 5 of the Dungeon
  5185 | D:5      | Noticed Shaidar's ghost (novice HOFi)
  5428 | D:5      | Reached XP level 7. HP: 36/36 MP: 6/13
  6471 | D:5      | Reached skill level 5 in Dodging
  6616 | D:5      | Identified the cursed +0 pair of boots "Ovomo" {Int+6
                  | Slay+3} (You found it on level 4 of the Dungeon)
  6642 | D:5      | Found a runed translucent door.
  6801 | D:5      | Reached skill level 5 in Spellcasting
  6805 | D:5      | Learned a level 2 spell: Blink
  7031 | D:5      | Reached skill level 1 in Shields
  7031 | D:5      | Reached XP level 8. HP: 41/41 MP: 11/15
  7504 | D:6      | HP: 2/41 [bullfrog (9)]
  8610 | D:6      | Found a staircase to the Ecumenical Temple.
  8641 | Temple   | Entered the Ecumenical Temple
  8856 | Temple   | Learned a level 4 spell: Airstrike
  8901 | Temple   | Became a worshipper of Kikubaaqudgha
  8946 | D:6      | Reached skill level 1 in Evocations
  9177 | D:6      | Found Rucw's Armour Shoppe.
  9258 | D:6      | Reached XP level 9. HP: 45/45 MP: 8/16
  9859 | D:7      | Reached skill level 5 in Shields
 10167 | D:7      | Noticed a hippogriff
 10185 | D:7      | Killed a hippogriff
 10598 | D:7      | Found Jonuha's Jewellery Boutique.
 11199 | D:7      | Reached skill level 5 in Evocations
 11530 | D:8      | Reached skill level 1 in Fighting
 11668 | D:8      | Noticed a slime creature
 11668 | D:8      | Noticed a slime creature
 11668 | D:8      | Noticed a slime creature
 11668 | D:8      | Noticed a slime creature
 11668 | D:8      | Noticed a slime creature
 12044 | D:8      | Noticed Maurice
 12058 | D:8      | Killed Maurice
 12141 | D:8      | Reached * piety under Kikubaaqudgha
 12141 | D:8      | Identified Kikubaaqudgha's Guide on Evil (Kikubaaqudgha
                  | gifted it to you on level 8 of the Dungeon)
 12141 | D:8      | Received a gift from Kikubaaqudgha
 12157 | D:8      | Learned a level 3 spell: Vampiric Draining
 12790 | D:8      | HP: 2/53 [slime creature (15)]
 12960 | D:7      | Slain by a slime creature

Levels and vault maps discovered:
D:1:      dpeg_arrival_renting, layout_basic
D:2:      layout_rooms, uniq_jessica
D:3:      layout_loops_ring, first_ration, minmay_box_of_dots
D:4:      layout_rooms, ebering_ghost_reflecting_pool, uniq_duvessa
D:5:      layout_gridville, hellmonk_ghost_happy_afterlife, nrook_uturn
D:6:      layout_layer_cave, minmay_temple_entry_offerings, serial_shops,
          kennysheep_mini_moat
D:7:      layout_layer_cave, serial_shops, nicolae_shop_waterfront
D:8:      layout_loops_corners, eat_drink_and_be_merry_uskayaw,
          grunt_lair_entry_orc_guard_hut, uniq_pikel, uniq_maurice
Temple:   roderic_octagonal_lattice_temple

Skill      XL: |  1  2  3  4  5  6  7  8  9 |
---------------+----------------------------+-----
Stealth        | 3 |  3.0
Conjurations   | 2 3 |  3.0
Dodging        | 3 4 5 |  5.0
Fire Magic     | 1 2 3 |  3.0
Air Magic      | 1 2 3 |  3.0
Spellcasting   | 4 5 |  5.0
Summonings     | 2 |  2.0
Shields        | 1 4 5 |  5.6
Translocations | 2 |  2.0
Evocations     | 2 5 |  5.0
Fighting       | 4 |  4.9
Necromancy     | |  0.5

Action                   |  1- 3 |  4- 6 |  7- 9 || total
-------------------------+-------+-------+-------++-------
Melee: Unarmed           |    14 |       |       ||    14
       Dagger            |    57 |    14 |     9 ||    80
       Spear             |       |       |   177 ||   177
 Cast: Magic Dart        |    77 |   151 |   179 ||   407
       Call Imp          |     1 |    31 |   115 ||   147
       Conjure Flame     |       |       |     3 ||     3
       Mephitic Cloud    |       |       |     5 ||     5
Evoke: Wand              |       |       |     4 ||     4
  Use: Potion            |       |     4 |     1 ||     5
       Scroll            |       |       |     7 ||     7
 Stab: Sleeping          |       |     1 |     3 ||     4
       Distracted        |       |       |     2 ||     2
       Confused          |       |       |     4 ||     4
  Eat: Chunk             |     3 |    12 |    26 ||    41
Armor: Robe              |    16 |    12 |    33 ||    61
Dodge: Dodged            |    92 |    45 |   152 ||   289
Block: Buckler           |       |       |    10 ||    10
